 Dungeon Crawl Stone Soup version 0.17.2 (webtiles) character file.

1894 Charly the Martial Artist (level 9, -5/43 HPs)
             Began as a Vine Stalker Transmuter on May 6, 2016.
             Was a Believer of Cheibriados.
             Slain by a troll (6 damage)
             ... on level 10 of the Dungeon.
             The game lasted 00:26:11 (1464 turns).

Charly the Martial Artist (Vine Stalker Transmuter) Turns: 1464, Time: 00:26:11

Health: -5/43      AC:  4    Str: 16    XL:     9   Next: 15%
Magic:  0/17       EV: 18    Int: 20    God:    Cheibriados [**....]
Gold:   124        SH:  0    Dex: 25    Spells: 4 memorised, 6 levels left

rFire  . . .     SeeInvis .       - Unarmed
rCold  . . .     Clarity  .     p - +0 robe
rNeg   . . .     SustAt   .     (shield currently unavailable)
rPois  .         Gourm    .     (no helmet)
rElec  .         Spirit   +     h - +1 cloak
rCorr  .         Warding  .     (gloves currently unavailable)
rMut   .         Stasis   .     (no boots)
MR     +....                    (no amulet)
Stlth  ++++......               (no ring)
                                j - ring of stealth

@: agile, blade hands, very slow, somewhat resistant to hostile enchantments,
stealthy
A: fangs 3, regeneration 2, magic shield, antimagic bite, no device heal 3, rot
immunity
a: End Transformation, Bend Time, Renounce Religion


You were on level 10 of the Dungeon.
You worshipped Cheibriados.
Cheibriados was pleased with you.
You were hungry.
You had blades for hands.
You visited 2 branches of the dungeon, and saw 11 of its levels.

You collected 124 gold pieces.

Inventory:

Hand Weapons
 b - a +0 blowgun
Missiles
 a - 106 arrows
Armour
 h - a +1 cloak (worn)
 p - a +0 robe (worn)
Jewellery
 j - a ring of stealth (left scythe-like blade)
Scrolls
 e - a scroll of teleportation {unknown}
 f - a scroll of remove curse
 i - a scroll of immolation
 n - a scroll of noise {unknown}
Potions
 g - a potion of cancellation
 m - a potion of curing
Books
 c - a book of Changes

   Spells                             Type                      Level
   a - Beastly Appendage              Transmutation                1
   b - Sticks to Snakes               Transmutation                2
   c - Spider Form                    Transmutation/Poison         3
   d - Ice Form                       Ice/Transmutation            4
   e - Blade Hands                    Transmutation                5
Comestibles
 d - 3 bread rations
 l - a meat ration


   Skills:
 + Level 2.5 Fighting
 - Level 1.5 Dodging
 + Level 8.6 Unarmed Combat
 - Level 4.9 Spellcasting
 * Level 6.8 Transmutations


You had 6 spell levels left.
You knew the following spells:

 Your Spells              Type           Power        Failure   Level  Hunger
a - Beastly Appendage     Trmt           ####..       14%         1    None
h - Blade Hands           Trmt           ####......   63%         5    ######.
s - Sticks to Snakes      Trmt           ####......   14%         2    #......
S - Spider Form           Trmt/Pois      ###.......   45%         3    ##.....


Dungeon Overview and Level Annotations

Branches:
Dungeon (10/15)            Temple (1/1) D:7
   Lair: D:8-11         Orc: D:9-12

Altars:
Cheibriados
Elyvilon
Fedhas
Gozag
Makhleb
Nemelex Xobeh
Okawaru
Ru
Trog
Vehumet
Xom
Zin

Annotations:
D:4 Charly's ghost, weakling VSTm


Innate Abilities, Weirdness & Mutations

You have razor-sharp teeth.
You heal very quickly.
When hurt, damage is shared between your health and your magic reserves.
Your bite disrupts and absorbs the magic of your enemies.
Potions and wands cannot restore your health.
You are immune to rotting.


Message History

The troll closely misses you. The troll claws you!
The troll claws you but does no damage.
Unknown command.
You hit the troll but do no damage. Your bite misses the troll.
The troll is lightly wounded.
The troll bites you! The troll claws you.
* * * LOW HITPOINT WARNING * * *
The troll completely misses you.
Unknown command.
You slash the troll! You bite the troll, but do no damage.
The troll is moderately wounded.
The troll completely misses you. The troll barely misses you.
The troll claws you!
* * * LOW HITPOINT WARNING * * *
Unknown command.
You slice the troll!! You bite the troll. You drain its power.
You feel invigorated.
The troll is severely wounded.
The troll misses you. The troll claws you!
You die...

.. ... ....
###########....
...............
...............
.......?....... #T@#
#..# #..# #..# #..#
#..# #..#######
############.........
.....................


You could see a troll.

Vanquished Creatures
  A hungry ghost (D:7)
  A deep elf mage (D:10)
  A hippogriff (D:10)
  An ice beast (D:5)
  An ogre (D:10)
  A sky beast (D:7)
  A black bear (D:7)
  3 centaurs
  2 giant frogs (D:9)
  2 big kobolds
  A jelly (D:7)
  A scorpion (D:7)
  5 hounds
  2 crimson imps (D:5)
  3 orc priests
  A giant frog skeleton (D:7)
  A worker ant (D:7)
  5 orc wizards
  An adder (D:10)
  An adder zombie (D:6)
  An adder skeleton (D:4)
  A giant gecko (D:6)
  11 orcs
  3 goblins
  2 hobgoblins
  2 jackals (D:9)
  13 kobolds
  A quokka (D:2)
  2 bats
  A giant newt (D:2)
  A jackal skeleton (D:2)
  A rat (D:1)
74 creatures vanquished.

Vanquished Creatures (collateral kills)
  An adder (D:5)
  An orc (D:5)
2 creatures vanquished.

Vanquished Creatures (others)
  An ogre (D:8)
  A killer bee (D:8)
  A worker ant (D:8)
  An orc (D:8)
4 creatures vanquished.

Grand Total: 80 creatures vanquished

Notes
Turn   | Place    | Note
--------------------------------------------------------------
     0 | D:1      | Charly the Vine Stalker Transmuter began the quest for the Orb.
     0 | D:1      | Reached XP level 1. HP: 9/9 MP: 4/4
    96 | D:1      | Reached XP level 2. HP: 7/14 MP: 4/6
   113 | D:1      | Learned a level 2 spell: Sticks to Snakes
   114 | D:2      | Found a blossoming altar of Fedhas.
   233 | D:4      | Noticed Charly's ghost (weakling VSTm)
   249 | D:5      | Entered Level 5 of the Dungeon
   305 | D:5      | Found a shimmering altar of Xom.
   342 | D:5      | Reached XP level 3. HP: 13/17 MP: 3/7
   347 | D:5      | Learned a level 3 spell: Spider Form
   363 | D:5      | Reached skill level 4 in Unarmed Combat
   363 | D:5      | Reached XP level 4. HP: 17/21 MP: 3/8
   424 | D:5      | Noticed a centaur
   428 | D:5      | jacquesderrida: dang
   432 | D:5      | Killed a centaur
   432 | D:5      | Reached skill level 5 in Unarmed Combat
   432 | D:5      | jacquesderrida: kentaro
   432 | D:5      | Reached XP level 5. HP: 8/25 MP: 1/9
   532 | D:5      | Reached skill level 6 in Unarmed Combat
   532 | D:5      | Gained mutation: You heal very quickly. [Vine Stalker growth]
   532 | D:5      | Reached XP level 6. HP: 27/29 MP: 2/10
   542 | D:4      | Found an opulent altar of Gozag.
   550 | D:5      | Noticed an ice beast
   557 | D:5      | Killed an ice beast
   811 | D:7      | Reached XP level 7. HP: 32/32 MP: 7/12
   814 | D:7      | jacquesderrida: zooxer...
   817 | D:7      | Reached skill level 7 in Unarmed Combat
   824 | D:7      | Found a staircase to the Ecumenical Temple.
   828 | Temple   | Entered the Ecumenical Temple
   851 | Temple   | Became a worshipper of Cheibriados the Contemplative
   965 | D:7      | Reached * piety under Cheibriados
   988 | D:7      | Noticed a hungry ghost
  1001 | D:7      | Gained mutation: You have razor-sharp teeth. [Vine Stalker growth]
  1001 | D:7      | Reached XP level 8. HP: 6/37 MP: 0/15
  1014 | D:7      | Killed a hungry ghost
  1077 | D:7      | 15mp
  1146 | D:7      | Reached skill level 5 in Transmutations
  1191 | D:10     | Entered Level 10 of the Dungeon
  1215 | D:9      | Reached skill level 8 in Unarmed Combat
  1238 | D:9      | Learned a level 5 spell: Blade Hands
  1274 | D:9      | Reached skill level 1 in Fighting
  1289 | D:9      | 37/16
  1385 | D:10     | Reached ** piety under Cheibriados
  1385 | D:10     | Reached XP level 9. HP: 42/42 MP: 9/17
  1455 | D:10     | Noticed a troll
  1463 | D:10     | HP: 1/43 [troll (9)]
  1464 | D:10     | Slain by a troll

Action                   |  1- 3 |  4- 6 |  7- 9 || total
-------------------------+-------+-------+-------++-------
Melee: Unarmed           |    57 |    62 |   151 ||   270
 Fire: Blowgun           |       |       |     5 ||     5
 Cast: Beastly Appendage |     1 |       |       ||     1
       Sticks to Snakes  |     4 |     2 |     7 ||    13
       Spider Form       |     1 |     8 |    13 ||    22
       Blade Hands       |       |       |     2 ||     2
 Abil: End Transformatio |       |       |     3 ||     3
  Use: Scroll            |       |     5 |     2 ||     7
       Potion            |       |       |     3 ||     3
 Stab: Sleeping          |       |     1 |     1 ||     2
       Distracted        |       |       |     1 ||     1
  Eat: Royal jelly       |     1 |       |     1 ||     2
       Chunk             |       |       |     1 ||     1
